General information
- name: BNet
- type: Ladder team game (AT/RT)
- host: Battle.net
- saver: FlameChallenger
map: Mur'gulOasis
- players: 8
- length: 16:50
- speed: Fast
- version: 1.26 W3XP
- replay type: Public
» download(107 KB)
Players
team 1 (winner)
TheImp. (
red | 58 APM | 982 actions | 16:50)
5 Death Knight
3 Death Coil
2 Unholy Aura
5 Lich
3 Frost Nova
2 Dark Ritual
» actions
| Assign group hotkey | 20 | |
| Build / train | 57 | |
| Enter build submenu | 12 | |
| Enter hero's abilities submenu | 10 | |
| Give item / drop item | 1 | |
| Remove unit from queue | 2 | |
| Right click | 398 | |
| Select / deselect | 163 | |
| Select group hotkey | 231 | |
| Use ability | 88 | |
982 total
» units
| Acolyte | 7 | |
| Ghoul | 3 | |
| Crypt Fiend | 10 | |
| Obsidian Statue | 3 | |
23 total
» upgrades
| Web | 1 | |
| Destroyer Form | 1 | |
| Creature Attack | 3 | |
| Creature Carapace | 1 | |
| Burrow | 1 | |
7 total
» buildings
| Graveyard | 1 | |
| Crypt | 1 | |
| Altar of Darkness | 1 | |
| Ziggurat | 5 | |
| Tomb of Relics | 1 | |
| Halls of the Dead | 1 | |
| Nerubian Tower | 1 | |
| Black Citadel | 1 | |
| Slaughterhouse | 1 | |
| Spirit Tower | 2 | |
| Sacrificial Pit | 1 | |
16 total
» build order
00:17 Graveyard
00:22 Crypt
00:43 Altar of Darkness
01:02 Ziggurat
01:22 Tomb of Relics
01:59 Ziggurat
03:38 Halls of the Dead
04:21 Ziggurat
04:41 Nerubian Tower
07:01 Black Citadel
07:07 Slaughterhouse
10:38 Spirit Tower
10:41 Ziggurat
10:45 Ziggurat
12:32 Sacrificial Pit
12:34 Spirit Tower
» items
| Rod of Necromancy | 2 | |
| Scroll of Regeneration | 1 | |
| Scroll of Town Portal | 2 | |
| Orb of Corruption | 1 | |
| Potion of Lesser Invulnerability | 1 | |
| Potion of Healing | 1 | |
8 total
FlameChallenger (
teal | 57 APM | 965 actions | 16:50)
7 Blood Mage
3 Flame Strike
3 Siphon Mana
1 Summon Phoenix
» actions
| Assign group hotkey | 26 | |
| Basic commands | 28 | |
| Build / train | 57 | |
| Enter build submenu | 28 | |
| Enter hero's abilities submenu | 7 | |
| Give item / drop item | 4 | |
| Right click | 421 | |
| Select / deselect | 255 | |
| Select group hotkey | 69 | |
| Use ability | 70 | |
965 total
» units
| Peasant | 11 | |
| Footman | 4 | |
| Sorceress | 2 | |
| Gryphon Rider | 4 | |
21 total
» upgrades
| Lumber Harvesting | 2 | |
| Sorceress Training | 1 | |
| Magic Sentry | 1 | |
| Masonry | 1 | |
| Swords | 2 | |
| Armor | 1 | |
| Storm Hammers | 1 | |
| Animal War Training | 1 | |
10 total
» buildings
| Altar of Kings | 1 | |
| Barracks | 1 | |
| Farm | 7 | |
| Keep | 1 | |
| Arcane Vault | 1 | |
| Lumber Mill | 1 | |
| Arcane Sanctum | 1 | |
| Castle | 1 | |
| Blacksmith | 2 | |
| Gryphon Aviary | 4 | |
| Scout Tower | 10 | |
| Guard Tower | 2 | |
| Arcane Tower | 1 | |
| Town Hall | 1 | |
34 total
» build order
00:37 Altar of Kings
00:40 Barracks
00:53 Farm
00:55 Farm
01:05 Farm
02:10 Farm
03:10 Keep
03:26 Arcane Vault
03:34 Lumber Mill
05:37 Arcane Sanctum
05:50 Castle
07:48 Blacksmith
07:50 Blacksmith
07:52 Gryphon Aviary
07:53 Gryphon Aviary
07:54 Gryphon Aviary
07:55 Gryphon Aviary
08:50 Scout Tower
08:51 Scout Tower
08:53 Scout Tower
08:55 Scout Tower
08:57 Scout Tower
09:00 Scout Tower
10:45 Farm
10:47 Farm
10:50 Farm
11:11 Guard Tower
11:15 Guard Tower
13:20 Arcane Tower
16:22 Town Hall
16:23 Scout Tower
16:24 Scout Tower
16:24 Scout Tower
16:24 Scout Tower
» items
| Scroll of Regeneration | 4 | |
| Boots of Speed | 1 | |
| Staff of Teleportation | 1 | |
| Potion of Invisibility | 2 | |
| Scroll of Town Portal | 2 | |
| Potion of Healing | 2 | |
| Lesser Clarity Potion | 1 | |
13 total
Thequestionmark (
green | 28 APM | 471 actions | 16:50)
5 Archmage
2 Summon Water Elemental
3 Brilliance Aura
» actions
| Build / train | 51 | |
| Enter build submenu | 22 | |
| Enter hero's abilities submenu | 5 | |
| Right click | 154 | |
| Select / deselect | 210 | |
| Use ability | 29 | |
471 total
» units
| Peasant | 10 | |
| Footman | 11 | |
| Knight | 7 | |
28 total
» upgrades
| Swords | 3 | |
| Plating | 3 | |
| Lumber Harvesting | 1 | |
| Animal War Training | 1 | |
8 total
» buildings
| Altar of Kings | 1 | |
| Farm | 10 | |
| Barracks | 2 | |
| Scout Tower | 4 | |
| Lumber Mill | 1 | |
| Arcane Vault | 1 | |
| Guard Tower | 3 | |
| Keep | 1 | |
| Blacksmith | 1 | |
| Castle | 1 | |
25 total
» build order
02:09 Altar of Kings
02:12 Farm
02:15 Farm
02:20 Barracks
02:22 Scout Tower
02:25 Scout Tower
02:27 Scout Tower
02:36 Scout Tower
03:31 Lumber Mill
03:37 Farm
03:43 Arcane Vault
04:05 Farm
04:27 Guard Tower
04:38 Guard Tower
04:52 Guard Tower
06:24 Keep
07:13 Blacksmith
08:22 Barracks
08:45 Castle
11:11 Farm
11:15 Farm
11:18 Farm
11:20 Farm
11:22 Farm
11:27 Farm
» items
| Potion of Healing | 1 | |
| Orb of Fire | 1 | |
| Potion of Mana | 1 | |
| Scroll of Regeneration | 1 | |
4 total

»
OneHungLow1 (
purple | 39 APM | 650 actions | 16:50)
3 Crypt Lord
2 Carrion Beetles
1 Impale
» actions
| Build / train | 38 | |
| Enter build submenu | 16 | |
| Enter hero's abilities submenu | 4 | |
| Right click | 340 | |
| Select / deselect | 232 | |
| Use ability | 20 | |
650 total
» units
| Acolyte | 4 | |
| Ghoul | 14 | |
| Gargoyle | 7 | |
| Obsidian Statue | 2 | |
27 total
» upgrades
| Unholy Strength | 1 | |
| Creature Attack | 2 | |
| Creature Carapace | 2 | |
5 total
» buildings
| Ziggurat | 6 | |
| Altar of Darkness | 1 | |
| Crypt | 2 | |
| Graveyard | 1 | |
| Tomb of Relics | 1 | |
| Halls of the Dead | 1 | |
| Slaughterhouse | 1 | |
| Necropolis | 1 | |
14 total
» build order
00:58 Ziggurat
01:01 Ziggurat
01:06 Altar of Darkness
01:12 Crypt
02:01 Crypt
02:28 Graveyard
03:04 Ziggurat
03:49 Tomb of Relics
05:01 Ziggurat
08:04 Halls of the Dead
12:12 Slaughterhouse
15:40 Necropolis
16:23 Ziggurat
16:26 Ziggurat
» items
team 2 (loser)
nurture-my-Pig (
blue | 84 APM | 1353 actions | 16:04)
4 Mountain King
2 Storm Bolt
2 Bash
» actions
| Assign group hotkey | 67 | |
| Basic commands | 16 | |
| Build / train | 57 | |
| ESC pressed | 4 | |
| Enter build submenu | 14 | |
| Enter hero's abilities submenu | 4 | |
| Right click | 796 | |
| Select / deselect | 218 | |
| Select group hotkey | 125 | |
| Use ability | 52 | |
1353 total
» units
| Peasant | 20 | |
| Footman | 4 | |
| Rifleman | 7 | |
| Mortar Team | 5 | |
| Priest | 2 | |
| Spell Breaker | 1 | |
| Sorceress | 1 | |
40 total
» upgrades
| Gunpowder | 1 | |
| Long Rifles | 1 | |
| Lumber Harvesting | 1 | |
3 total
» buildings
| Altar of Kings | 1 | |
| Barracks | 1 | |
| Farm | 5 | |
| Scout Tower | 1 | |
| Arcane Tower | 1 | |
| Blacksmith | 1 | |
| Arcane Vault | 1 | |
| Keep | 1 | |
| Lumber Mill | 1 | |
| Workshop | 1 | |
| Arcane Sanctum | 1 | |
15 total
» build order
00:09 Altar of Kings
00:22 Barracks
00:37 Farm
00:51 Farm
01:37 Scout Tower
01:59 Farm
02:06 Arcane Tower
02:31 Farm
02:42 Blacksmith
03:06 Farm
03:25 Arcane Vault
04:29 Keep
04:48 Lumber Mill
07:03 Workshop
07:06 Arcane Sanctum
» items
| Scroll of Regeneration | 1 | |
| Scroll of Town Portal | 2 | |
3 total

»
Bigmom23 (
yellow | 34 APM | 562 actions | 16:41)
3 Demon Hunter
2 Immolation
1 Mana Burn
» actions
| Basic commands | 26 | |
| Build / train | 58 | |
| Enter build submenu | 19 | |
| Enter hero's abilities submenu | 3 | |
| Remove unit from queue | 1 | |
| Right click | 253 | |
| Select / deselect | 164 | |
| Use ability | 38 | |
562 total
» units
| Wisp | 17 | |
| Huntress | 18 | |
| Hippogryph | 6 | |
| Chimaera | 4 | |
45 total
» upgrades
| Reinforced Hides | 1 | |
| Moon Armor | 1 | |
| Strength of the Wild | 1 | |
3 total
» buildings
| Altar of Elders | 1 | |
| Hunter's Hall | 1 | |
| Moon Well | 7 | |
| Ancient of War | 2 | |
| Tree of Ages | 1 | |
| Ancient of Wonders | 1 | |
| Tree of Eternity | 1 | |
| Ancient of Wind | 1 | |
| Chimaera Roost | 5 | |
20 total
» build order
00:11 Altar of Elders
00:14 Hunter's Hall
00:51 Moon Well
01:53 Ancient of War
02:23 Ancient of War
02:50 Moon Well
03:47 Moon Well
06:53 Tree of Ages
07:18 Moon Well
07:28 Ancient of Wonders
10:50 Tree of Eternity
11:04 Ancient of Wind
11:23 Moon Well
12:27 Moon Well
13:13 Chimaera Roost
13:21 Chimaera Roost
13:25 Chimaera Roost
13:31 Chimaera Roost
13:45 Chimaera Roost
13:55 Moon Well
» items
kosta07 (
orange | 20 APM | 334 actions | 16:22)
2 Paladin
1 Holy Light
1 Divine Shield
» actions
| Build / train | 41 | |
| Enter build submenu | 16 | |
| Enter hero's abilities submenu | 2 | |
| Remove unit from queue | 3 | |
| Right click | 66 | |
| Select / deselect | 172 | |
| Use ability | 34 | |
334 total
» units
| Peasant | 15 | |
| Footman | 12 | |
| Knight | 3 | |
30 total
» upgrades
| Lumber Harvesting | 1 | |
| Swords | 1 | |
| Animal War Training | 1 | |
3 total
» buildings
| Altar of Kings | 1 | |
| Barracks | 2 | |
| Farm | 9 | |
| Lumber Mill | 1 | |
| Keep | 1 | |
| Castle | 1 | |
| Blacksmith | 1 | |
16 total
» build order
00:09 Altar of Kings
00:15 Barracks
00:21 Farm
00:52 Farm
01:21 Farm
01:41 Farm
02:05 Farm
03:05 Farm
03:54 Lumber Mill
04:14 Keep
05:04 Farm
06:26 Farm
07:05 Castle
07:15 Farm
07:56 Blacksmith
09:37 Barracks

»
ENTERPRISE_Spok (
pink | 29 APM | 481 actions | 16:49)
2 Keeper of the Grove
1 Force of Nature
1 Thorns Aura
» actions
| Assign group hotkey | 7 | |
| Basic commands | 12 | |
| Build / train | 40 | |
| Enter build submenu | 21 | |
| Enter hero's abilities submenu | 2 | |
| Remove unit from queue | 2 | |
| Right click | 147 | |
| Select / deselect | 217 | |
| Select group hotkey | 2 | |
| Use ability | 31 | |
481 total
» units
| Wisp | 6 | |
| Archer | 1 | |
| Huntress | 13 | |
| Peasant | 4 | |
24 total
» upgrades
| Strength of the Moon | 2 | |
| Moon Armor | 2 | |
4 total
» buildings
| Ancient of War | 2 | |
| Altar of Elders | 1 | |
| Moon Well | 5 | |
| Hunter's Hall | 1 | |
| Tree of Ages | 1 | |
| Ancient of Wind | 2 | |
| Ancient of Wonders | 1 | |
| Ancient Protector | 2 | |
15 total
» build order
00:34 Ancient of War
01:06 Altar of Elders
01:28 Moon Well
01:43 Ancient of War
01:56 Hunter's Hall
02:18 Moon Well
04:32 Moon Well
07:28 Tree of Ages
08:34 Moon Well
11:49 Ancient of Wind
11:55 Ancient of Wind
12:30 Moon Well
12:34 Ancient of Wonders
15:17 Ancient Protector
15:21 Ancient Protector
» items
| Potion of Lesser Invulnerability | 1 | |
| Scroll of Healing | 2 | |
| Scroll of Town Portal | 2 | |
| Potion of Healing | 1 | |
| Potion of Mana | 1 | |
7 total
Chat log
(00:09 / All) Thequestionmark: FREE GEORGE ZIMMERMAN!
(00:31 / All) TheImp.: wow such a value
(00:32 / All) FlameChallenger: It was self defense the little nigger attacked him
(00:40 / All) Thequestionmark: NO SHIT IT WAS
(00:47 / All) TheImp.: ha im sure
(00:54 / All) Thequestionmark: fucking waste of tax payers money
(01:01 / All) FlameChallenger: HE did attack him
(01:15 / All) FlameChallenger: He also got kicked out of school he was a fucking thief
(01:17 / All) Thequestionmark: the hoodrat did, ya
(01:29 / All) FlameChallenger: Zimmerman is a spic too they were saying he was a white racist
(01:34 / All) Bigmom23: u know u guys can team chat?
(01:35 / All) FlameChallenger: I think his wife'
(01:38 / All) FlameChallenger: was a niglet not sure
(01:48 / All) nurture-my-Pig: easy with the racism you fucks
(01:52 / All) FlameChallenger: I'm all chatting
(02:03 / All) Bigmom23: LOL
(05:53 / Allies) FlameChallenger: omw
(07:19 / Allies) OneHungLow1: go hit now
(07:23 / Allies) Thequestionmark: counter
(07:36 / Allies) OneHungLow1: green u got
(07:49 / Allies) Thequestionmark: ghouls
(09:16 / Allies) TheImp.: goooolz
(09:42 / Allies) Thequestionmark: pally
(10:22 / Allies) OneHungLow1: make air
(10:28 / Allies) OneHungLow1: unit
(10:31 / Allies) OneHungLow1: air
(10:34 / Allies) OneHungLow1: everyone
(10:52 / Allies) OneHungLow1: make air attack units
(10:53 / Allies) FlameChallenger: Gold?
(10:53 / Allies) TheImp.: they will hit me
(11:02 / Allies) Thequestionmark: just upgrade your units
(11:12 / Allies) TheImp.: i have dest
(11:29 / Allies) OneHungLow1: they have no air attack
(11:33 / Allies) TheImp.: gj teal
(11:44 / All) nurture-my-Pig: you dick
(11:49 / All) FlameChallenger: looool
(11:52 / Allies) FlameChallenger: gold
(12:03 / Allies) Thequestionmark: got none dude :(
(12:04 / Allies) FlameChallenger: gold
(12:06 / All) TheImp.: lmso
(12:21 / All) TheImp.: that was bad
(12:40 / All) kosta07: teal is the most annoying player lmfao
(12:45 / All) kosta07: but its a good plan
(12:55 / All) TheImp.: i luv him
(13:03 / All) Bigmom23: thats gay bro
(13:43 / Allies) Thequestionmark: attk?
(13:50 / Allies) TheImp.: dont matter we won
(14:28 / All) TheImp.: ouch
(14:55 / All) TheImp.: god damn u suck pink
(14:57 / Allies) OneHungLow1: one by one they die
(15:07 / All) OneHungLow1: lol
(15:12 / All) nurture-my-Pig: GG
(15:24 / All) Bigmom23: damn
(15:30 / Allies) FlameChallenger: Gold?
(16:28 / All) Bigmom23: fuycking nooobs man
(16:49 / All) Thequestionmark: someone got a boo boo